 Dungeon Crawl Stone Soup version 0.25.1-2-g60ff931df9 (webtiles) character file.

Game seed: 9990327002364427787

64 funkygono the Charlatan (level 3, -2/26 HPs)
             Began as a Demonspawn Artificer on Sept 6, 2020.
             Slain by a worm (10 damage)
             ... on level 2 of the Dungeon.
             The game lasted 00:03:11 (1908 turns).

funkygono the Charlatan (Demonspawn Artificer)      Turns: 1908, Time: 00:03:12

Health: -2/26      AC:  3    Str: 13    XL:     3   Next: 91%
Magic:  5/5        EV: 12    Int: 18    God:
Gold:   43         SH:  0    Dex: 13    Spells: 2/2 levels left

rFire    . . .     SeeInvis .   j - +0 mace
rCold    . . .     Gourm    .   (no shield)
rNeg     . . .     Faith    .   b - +0 leather armour
rPois    .         Spirit   .   (no helmet)
rElec    .         Reflect  .   (no cloak)
rCorr    .         Harm     .   (no gloves)
MR       .....                  (no boots)
Stlth    +.........             (no amulet)
HPRegen  0.08/turn              i - +6 ring of intelligence
MPRegen  0.09/turn              (no ring)

@: no status effects
A: talons 2
a: no special abilities


You were on level 2 of the Dungeon.
You were not hungry.

You visited 1 branch of the dungeon, and saw 2 of its levels.

You collected 43 gold pieces.

Inventory:

Hand Weapons
 j - a +0 mace (weapon)
Missiles
 m - 54 stones (quivered)
Armour
 b - a +0 leather armour (worn)
Jewellery
 i - a +6 ring of intelligence (left hand)
Wands
 c - a wand of flame (14)
 d - a wand of enslavement (12)
 e - a wand of random effects (15)
Scrolls
 h - a scroll of teleportation
 l - a scroll of fog {unknown}
Potions
 g - a potion of lignification {unknown}
 k - a potion of resistance {unknown}
 n - a potion of heal wounds
Comestibles
 f - 4 rations


   Skills:
 + Level 1.0 Fighting
   Level 0.8 Short Blades
 + Level 1.4 Maces & Flails
 + Level 0.5 Armour
 + Level 2.4 Dodging
 + Level 0.8 Stealth
 + Level 3.8 Evocations


You had 2 spell levels left.
You didn't know any spells.
Your spell library was empty.

Dungeon Overview and Level Annotations

Branches:
Dungeon (2/15)

Altars:
Yredelemnul


Innate Abilities, Weirdness & Mutations

You have razor-sharp toenails.


Message History

You kill the worm!
All of the chunks of flesh in your inventory have rotted away.
A worm comes into view.
Found a stone staircase leading up.
You see here 13 bolts.
You hit the worm. You claw the worm.
The worm is moderately wounded.
The worm bites you!
You hit the worm.
The worm is severely wounded.
The worm completely misses you.
You hit the worm.
The worm is almost dead.
You barely miss the worm.
The worm is almost dead.
The worm bites you!
You hit the worm. You claw the worm, but do no damage.
The worm is almost dead.
The worm bites you!
You die...

. #.. .#.... .##......
###......... #....#.....
###.##.#.... ##........#
....# ##.........#......
###.....(.@w.<.##..#
##...#........####..#
######..###.........###..
#......###..............#
#......#...........#..#.##
#..........##.#######.)..#
#........##...## #....#
#......#.......######.#..#
#######.....##........#..##


You could see a worm.

Vanquished Creatures
  2 adders (D:2)
  An ooze (D:1)
  3 worms (D:2)
  2 dart slugs (D:1)
  3 bats (D:1)
  2 giant cockroaches (D:1)
  2 goblins
  4 hobgoblins (D:1)
  A quokka (D:2)
  6 frilled lizards
  5 kobolds
  A rat (D:2)
32 creatures vanquished.

Vanquished Creatures (collateral kills)
  An adder (D:2)
  A leopard gecko (D:2)
  A quokka (D:2)
3 creatures vanquished.

Grand Total: 35 creatures vanquished

Notes
Turn   | Place    | Note
-------+----------+-------------------------------------------
     0 | D:1      | funkygono the Demonspawn Artificer began the quest for the
                  | Orb.
     0 | D:1      | Reached XP level 1. HP: 15/15 MP: 3/3
   245 | D:1      | Gained mutation: You have sharp toenails. [demonic
                  | ancestry]
   245 | D:1      | Reached XP level 2. HP: 15/21 MP: 4/4
   876 | D:1      | Gained mutation: You have razor-sharp toenails. [demonic
                  | ancestry]
   876 | D:1      | Reached XP level 3. HP: 23/26 MP: 5/5
  1114 | D:2      | Reached skill level 1 in Maces & Flails
  1581 | D:2      | Found a basalt altar of Yredelemnul.
  1908 | D:2      | Slain by a worm

Illustrated notes

Levels and vault maps discovered:
D:1:      wander_arrival_peaceful_grave, layout_basic, minivault_25
D:2:      layout_rooms, marbit_many_paths, tgw_xom

Skill      XL: |  1  2  3 |
---------------+----------+-----
Dodging        | 2 |  2.4
Maces & Flails | 1 |  1.4
Fighting       | |  1.0
Short Blades   | |  0.8
Armour         | |  0.5
Stealth        | |  0.8
Evocations     | |  3.8

Action                   || total
-------------------------++-------
Melee: Short sword       ||    16
       Club              ||    21
       Mace              ||    81
       Kick              ||    23
Evoke: Wand              ||     4
  Use: Scroll            ||     4
  Eat: Chunk             ||     3
Armor: Leather armour    ||    35
Dodge: Dodged            ||    84
